 Dungeon Crawl Stone Soup version 0.20-a0-1114-g33edf32 (webtiles) character file.

96932 sveltemanboy the Brawler (level 15, -5/108 HPs)
             Began as a Demonspawn Monk on May 4, 2017.
             Was the Champion of Okawaru.
             Succumbed to a swamp dragon's poison gas
             ... on level 3 of the Swamp on May 6, 2017.
             The game lasted 01:34:21 (27195 turns).

sveltemanboy the Brawler (Demonspawn Monk)         Turns: 27195, Time: 01:34:22

Health: -5/108     AC: 20    Str: 20    XL:     15   Next: 70%
Magic:  7/23       EV: 19    Int: 11    God:    Okawaru [******]
Gold:   293        SH: 16    Dex: 21    Spells: 14/14 levels left

rFire    + + .     SeeInvis +     - Unarmed
rCold    + + .     Gourm    .   o - +2 buckler
rNeg     + . .     Faith    .   A - +6 scale mail of Otteal {rElec rCorr Str+2}
rPois    .         Spirit   +   q - +2 hat {MR+}
rElec    +         Reflect  +   n - scarf {rC+ rF+}
rCorr    +         Harm     .   H - +2 pair of gloves {Dex+3}
MR       ++...                  x - +0 pair of boots
Stlth    +.........             a - +6 amulet of reflection
Regen    0.7/turn               P - ring "Hufruki" {rF+ rN+ SInv}
MPRegen  0.4/turn               y - ring of protection from cold

@: lethally poisoned (-5 -> -61), studying Armour, repel missiles
A: claws 2, repulsion field 3, agile 1, demonic guardian 1, regeneration 1,
magic shield, magic regeneration
a: Heroism, Finesse, Renounce Religion


You were on level 3 of the Swamp.
You worshipped Okawaru.
Okawaru was exalted by your worship.
You were hungry.

You visited 5 branches of the dungeon, and saw 25 of its levels.
You also visited: Labyrinth and Bailey.

You collected 2291 gold pieces.
You spent 1998 gold pieces at shops.

Inventory:

Armour
 l - a +2 helmet of see invisible
 n - a scarf of resistance (worn)
 o - a +2 buckler (worn)
 q - a +2 hat of magic resistance (worn)
 r - a +2 shield
 x - a +0 pair of boots (worn)
 A - the +6 scale mail of Otteal (worn) {rElec rCorr Str+2}
   (You found it in a labyrinth)

   It affects your strength (+2).
   It insulates you from electricity.
   It protects you from acid and corrosion.
 H - a +2 pair of gloves of dexterity (worn)
Jewellery
 a - a +6 amulet of reflection (around neck)
 g - an uncursed ring of protection from magic
 y - a ring of protection from cold (right hand)
 P - the ring "Hufruki" (left hand) {rF+ rN+ SInv}
   (You found it on level 11 of the Dungeon)

   [ring of protection from fire]

   It protects you from fire.
   It protects you from negative energy.
   It lets you see invisible.
Wands
 I - a wand of polymorph (12/24)
 J - a wand of confusion (17/48)
 O - a wand of disintegration (16/24)
 R - a wand of paralysis (0/24)
 W - a wand of digging (11/24)
 X - a wand of lightning (12/15)
Scrolls
 b - 4 scrolls of identify
 i - 5 scrolls of teleportation
 k - 2 scrolls of blinking
 m - a scroll of fog
 s - a scroll of amnesia
 t - 3 scrolls of enchant armour
 u - 10 scrolls of remove curse
 w - 2 scrolls of fear
 E - a scroll of summoning
 U - a scroll of magic mapping
 V - a scroll of enchant weapon
Potions
 e - 5 potions of curing
 f - 3 potions of flight
 j - 2 potions of heal wounds
 p - a potion of invisibility
 B - a potion of resistance
 C - a potion of ambrosia
 D - 3 potions of magic
 G - a potion of haste
 M - 2 potions of cancellation
 T - a potion of brilliance
Books
 K - a manual of Armour
Miscellaneous
 F - a phial of floods
 L - a lamp of fire
 Q - a box of beasts
 S - a phantom mirror
Comestibles
 c - 8 bread rations
 d - 13 royal jellies
 v - 11 meat rations
 z - 11 fruits


   Skills:
 - Level 7.4 Fighting
   Level 3.4 Long Blades
 - Level 7.0 Armour
 - Level 7.0 Dodging
 - Level 1.7 Stealth
 + Level 11.7 Shields
 - Level 17.0 Unarmed Combat
 - Level 4.0 Invocations
 - Level 10.8 Evocations


You had 14 spell levels left.
You didn't know any spells.

Dungeon Overview and Level Annotations

Branches:
Dungeon (13/15)            Temple (1/1) D:6            Lair (6/6) D:9
  Swamp (3/4) Lair:4       Spider (0/4) Lair:3        Slime (0/5) Lair:6
    Orc (2/2) D:10            Elf (0/3) Orc:2
 Vaults: D:13-14

Altars:
Ashenzari
Cheibriados
Dithmenos
Elyvilon
Fedhas
Gozag
Hepliaklqana
Kikubaaqudgha
Makhleb
Nemelex Xobeh
Okawaru
Qazlal
Ru
Sif Muna
Trog
Uskayaw
Vehumet
Wu Jian
Xom
Yredelemnul
Zin
The Shining One

Shops:
D:5 }![   Orc:2 :?%?

Portals:
Trove: D:10 (give 17 potions of curing)


Innate Abilities, Weirdness & Mutations

You have very sharp fingernails.
You are surrounded by a strong repulsion field. (EV +4, RMsl)
A weak demonic guardian rushes to your aid.
When hurt, damage is shared between your health and your magic reserves.
You regenerate magic rapidly.
You are agile. (Dex +2)
Your natural rate of healing is unusually fast.


Message History

Your ufetubus misses the hornet.
Your ufetubus closely misses the hornet.
You hit the hornet but do no damage.
The hornet is severely wounded.
* * * LOW HITPOINT WARNING * * *
You feel extremely sick.
The hornet stings you but does no damage.
Your ufetubus hits the hornet. Your ufetubus misses the hornet.
The slime creature completely misses you.
You block the hornet's attack.
You block the five-headed hydra's attack.
The five-headed hydra bites you.
* * * LOW HITPOINT WARNING * * *
The five-headed hydra bites you!
* * * LOW HITPOINT WARNING * * *
The five-headed hydra closely misses you.
You block the five-headed hydra's attack.
Unknown command.
You feel yourself speed up.
You die...

≈.♣..≈≈≈.≈..≈
..§≈≈≈≈≈≈≈.≈
.....≈≈≈≈≈.♣♣♣
...≈≈.≈≈≈≈.≈≈♣
♣≈≈≈...≈..≈≈≈♣
≈≈≈..≈≈≈..≈≈.♣
≈≈...≈≈≈.<..≈♣
..♣≈.≈.≈♣.5♣♣♣♣♣♣
♣♣♣♣♣♣♣.≈y§@.≈♣
♣≈§♣JD†♣♣♣
♣≈≈.≈♣.§♣
.=..≈..≈D≈♣
≈≈≈≈≈.≈≈≈.≈♣
≈≈≈≈≈≈≈≈≈..♣♣
.≈≈≈≈≈...≈♣♣
.≈≈.≈≈..≈♣
##≈##..≈.♣


You could see a five-headed hydra, a swamp dragon, a slime creature, a hornet
and a friendly ufetubus.

Vanquished Creatures
  Gastronok (Lair:1)
  An ettin (Orc:2)
  Josephine (Orc:2)
  Snorg (Lair:3)
  A minotaur (Lab)
  3 catoblepae (Lair:6)
  15 hydras
  An anaconda (Lair:6)
  5 death yaks (Lair:6)
  3 two-headed ogres
  2 alligators (Swamp:1)
  6 orc high priests (Orc:2)
  2 swamp dragons
  A lindwurm (Lair:6)
  A shambling mangrove (Swamp:2)
  An ugly thing (D:11)
  11 orc knights
  3 orc sorcerers (Orc:2)
  A deep elf mage (Orc:2)
  3 manticores
  10 elephants
  2 oklob plants
  7 black mambas
  A gargoyle (D:10)
  8 spiny frogs
  5 rime drakes
  12 komodo dragons
  3 trolls
  Grinder (D:5)
  A polar bear (Lair:6)
  2 bog bodies
  6 hornets
  14 blink frogs
  5 slime creatures (Swamp:3)
  10 hippogriffs
  3 tyrant leeches (Swamp:1)
  Sigmund (D:5)
  A shadow (D:12)
  6 wraiths
  36 yaks
  A spriggan (Swamp:1)
  4 wyverns
  4 basilisks
  10 vampire mosquitoes
  Grum (Lair:1)
  Menkaure (D:6)
  4 wargs
  6 swamp worms
  A soldier ant (D:10)
  18 water moccasins
  8 porcupines
  A hornet zombie (D:6)
  2 hell hounds (D:9)
  50 orc warriors
  A swamp drake (Swamp:1)
  2 sky beasts
  An ice beast (D:5)
  3 phantoms
  2 centaurs
  2 necrophages
  16 wolves
  10 ogres
  9 crocodiles
  Blork the orc (D:5)
  3 big kobolds
  14 bullfrogs
  A wyvern skeleton (D:12)
  6 scorpions
  8 killer bees
  An electric eel (Lair:4)
  3 wights (D:8)
  5 crimson imps
  A centaur zombie (D:12)
  4 howler monkeys
  A jelly (D:9)
  Crazy Yiuf (D:6)
  28 orc priests
  4 hounds
  13 orc wizards
  Ijyb (D:5)
  An iguana (D:10)
  15 worker ants
  2 killer bee zombies
  2 hound skeletons (D:6)
  7 gnolls
  8 adders
  A howler monkey skeleton (D:9)
  A shadow imp (D:10)
  An ooze (D:4)
  5 worms
  6 leopard geckos
  106 orcs
  8 bats
  7 giant cockroaches
  8 goblins
  9 hobgoblins
  8 jackals
  23 kobolds
  5 quokkas
  A ball python (D:2)
  5 frilled lizards
  A leopard gecko zombie (D:8)
  7 rats
  A fungus (Lair:6)
687 creatures vanquished.

Vanquished Creatures (collateral kills)
  3 hydras
  A two-headed ogre (D:6)
  A black mamba (Lair:4)
  An elephant (Lair:6)
  2 spiny frogs
  2 centaur skeletons (D:10)
  A komodo dragon (Lair:2)
  2 blink frogs
  2 hippogriffs
  3 yaks
  A wraith (Orc:2)
  A hungry ghost (D:7)
  4 orc warriors
  2 centaurs (D:6)
  An ogre (D:4)
  2 howler monkeys (D:9)
  A jelly (D:12)
  An orc priest (Orc:2)
  An orc wizard (Orc:2)
  A gnoll (D:6)
  An adder zombie (D:5)
  7 orcs
  A giant cockroach (D:6)
  A jackal (D:5)
43 creatures vanquished.

Vanquished Creatures (others)
  An orc warrior (Bailey)
  5 orcs (Bailey)
  11 fungi
  4 plants (Lair:6)
  5 toadstools (Swamp:2)
26 creatures vanquished.

Grand Total: 756 creatures vanquished

Notes
Turn   | Place    | Note
-------+----------+-------------------------------------------
     0 | D:1      | sveltemanboy the Demonspawn Monk began the quest for the Orb.
     0 | D:1      | Reached XP level 1. HP: 18/18 MP: 1/1
    61 | D:1      | Gained mutation: A weak demonic guardian rushes to your aid. [demonic ancestry]
    61 | D:1      | Reached XP level 2. HP: 14/24 MP: 2/2
   569 | D:1      | Reached skill level 1 in Armour
   708 | D:1      | Reached XP level 3. HP: 28/29 MP: 3/3
  1915 | D:2      | Gained mutation: You have sharp fingernails. [demonic ancestry]
  1915 | D:2      | Reached XP level 4. HP: 23/35 MP: 4/4
  2155 | D:3      | Reached skill level 1 in Unarmed Combat
  2233 | D:3      | Found a stormy altar of Qazlal.
  3177 | D:3      | Reached skill level 2 in Unarmed Combat
  3177 | D:3      | Gained mutation: You are surrounded by a mild repulsion field. (EV +2) [demonic ancestry]
  3177 | D:3      | Reached XP level 5. HP: 26/41 MP: 5/5
  3730 | D:4      | Reached skill level 3 in Unarmed Combat
  3859 | D:4      | Noticed an ogre
  3881 | D:4      | Killed an ogre
  3881 | D:4      | Gained mutation: You are surrounded by a moderate repulsion field. (EV +3) [demonic ancestry]
  3881 | D:4      | Reached XP level 6. HP: 47/47 MP: 6/6
  4017 | D:4      | Reached skill level 4 in Unarmed Combat
  4514 | D:5      | Entered Level 5 of the Dungeon
  4537 | D:5      | Reached skill level 5 in Unarmed Combat
  4537 | D:5      | Reached XP level 7. HP: 52/52 MP: 7/7
  4542 | D:5      | Found Zuiguoc's Distillery.
  4572 | D:5      | Found Othrusit's Armour Shop.
  4582 | D:5      | Bought a +0 helmet for 54 gold pieces
  4582 | D:5      | Bought a +0 pair of gloves of dexterity for 138 gold pieces
  4617 | D:5      | Found a sparkling altar of Nemelex Xobeh.
  4624 | D:5      | Noticed Ijyb
  4653 | D:5      | Killed Ijyb
  4715 | D:5      | Noticed Blork the orc
  4735 | D:5      | Killed Blork the orc
  4775 | D:5      | Reached skill level 6 in Unarmed Combat
  4793 | D:5      | Noticed Sigmund
  4936 | D:5      | Noticed Grinder
  4962 | D:5      | Killed Grinder
  4962 | D:5      | Reached skill level 7 in Unarmed Combat
  4962 | D:5      | Reached XP level 8. HP: 16/58 MP: 8/8
  5206 | D:5      | Killed Sigmund
  5282 | D:5      | Found Elaumy's Gadget Shoppe.
  5288 | D:5      | Found Quyckeeg's Antique Armour Shop.
  5591 | D:6      | Reached skill level 8 in Unarmed Combat
  5909 | D:6      | Found a snail-covered altar of Cheibriados.
  5910 | D:6      | Found a sacrificial altar of Ru.
  5915 | D:6      | Found a blossoming altar of Fedhas.
  6082 | D:6      | Found a hide-covered altar of Uskayaw.
  6086 | D:6      | Found a radiant altar of Vehumet.
  6086 | D:6      | Found an ancient bone altar of Kikubaaqudgha.
  6086 | D:6      | Found a burning altar of Makhleb.
  6087 | D:6      | Found a shattered altar of Ashenzari.
  6088 | D:6      | Found a staircase to the Ecumenical Temple.
  6278 | D:6      | Reached skill level 9 in Unarmed Combat
  6367 | D:6      | Noticed a two-headed ogre
  6390 | D:6      | Killed a two-headed ogre
  6390 | D:6      | Reached XP level 9. HP: 41/63 MP: 9/9
  6636 | D:6      | Found an opulent altar of Gozag.
  6804 | D:6      | Found a runed door.
  7023 | D:6      | Noticed Menkaure
  7035 | D:6      | Gained mutation: When hurt, damage is shared between your health and your magic reserves. [demonic ancestry]
  7035 | D:6      | Reached XP level 10. HP: 31/79 MP: 10/10
  7305 | D:6      | Noticed Crazy Yiuf
  7312 | D:6      | Killed Crazy Yiuf
  7404 | Temple   | Entered the Ecumenical Temple
  7631 | D:7      | Reached skill level 10 in Unarmed Combat
  8732 | D:8      | Found an iron altar of Okawaru.
  8744 | D:8      | Became a worshipper of Warmaster Okawaru
  8744 | D:8      | Reached * piety under Okawaru
  8744 | D:8      | Reached ** piety under Okawaru
  8879 | D:8      | Reached skill level 1 in Invocations
  8900 | D:8      | Noticed a two-headed ogre
  8918 | D:8      | Killed a two-headed ogre
  9089 | D:8      | Gained mutation: You expend magic power (3 MP) to strengthen your wands. [mutagenic meat]
  9090 | D:8      | Gained mutation: You are dopey. (Int -2) [mutagenic meat]
  9091 | D:8      | Gained mutation: Your body sometimes deteriorates upon taking damage. [mutagenic meat]
  9092 | D:8      | Gained mutation: Your magical capacity is low. (-10% MP) [mutagenic meat]
  9523 | D:9      | Reached skill level 11 in Unarmed Combat
  9591 | D:9      | Found a staircase to the Lair.
  9643 | D:9      | Reached *** piety under Okawaru
  9879 | D:9      | Found a blossoming altar of Fedhas.
  9885 | D:9      | Noticed a two-headed ogre
  9911 | D:9      | Killed a two-headed ogre
  9911 | D:9      | Reached **** piety under Okawaru
  9911 | D:9      | Reached XP level 11. HP: 73/84 MP: 10/12
 10219 | D:9      | Paralysed by a hornet for 1 turns
 10585 | D:10     | Entered Level 10 of the Dungeon
 10609 | D:10     | Found a flagged portal.
 10621 | Bailey   | Entered a bailey
 11399 | Bailey   | Reached skill level 1 in Shields
 11526 | Bailey   | Noticed an orc knight
 11598 | Bailey   | Killed an orc knight
 11598 | Bailey   | Reached skill level 12 in Unarmed Combat
 11691 | Bailey   | Gained mutation: You regenerate magic rapidly. [demonic ancestry]
 11691 | Bailey   | Reached XP level 12. HP: 91/91 MP: 12/16
 12055 | D:10     | Reached ***** piety under Okawaru
 12094 | D:10     | Noticed a two-headed ogre
 12114 | D:10     | Killed a two-headed ogre
 12394 | D:10     | Found a staircase to the Orcish Mines.
 12479 | D:10     | Paralysed by a hornet for 2 turns
 12574 | D:10     | Lost mutation: You are dopey. (Int -2) [potion of mutation]
 12574 | D:10     | Lost mutation: Your body sometimes deteriorates upon taking damage. [potion of mutation]
 12574 | D:10     | Lost mutation: You expend magic power (3 MP) to strengthen your wands. [potion of mutation]
 12574 | D:10     | Lost mutation: Your magical capacity is low. (-10% MP) [potion of mutation]
 12574 | D:10     | Gained mutation: Your natural rate of healing is unusually fast. [potion of mutation]
 12574 | D:10     | Gained mutation: You are agile. (Dex +2) [potion of mutation]
 12640 | D:10     | Found a portal to a secret trove of treasure.
 12808 | D:11     | Got a clouded copper ring
 12810 | D:11     | Identified the ring "Hufruki" {rF+ rN+ SInv} (You found it on level 11 of the Dungeon)
 13082 | D:11     | Reached skill level 13 in Unarmed Combat
 13363 | D:11     | Noticed an eight-headed hydra
 13385 | D:11     | Killed an eight-headed hydra
 13626 | D:12     | Found a radiant altar of Vehumet.
 14418 | D:13     | Noticed a centaur warrior
 14535 | Lair:1   | Entered Level 1 of the Lair of Beasts
 14617 | Lair:1   | Noticed a seven-headed hydra
 14624 | Lair:1   | Killed a seven-headed hydra
 14624 | Lair:1   | Reached XP level 13. HP: 96/96 MP: 19/19
 14711 | Lair:1   | Reached ****** piety under Okawaru
 14747 | Lair:1   | Received a gift from Okawaru
 14747 | Lair:1   | Reached skill level 5 in Shields
 15106 | Lair:1   | Noticed Grum
 15132 | Lair:1   | Killed Grum
 15157 | Lair:1   | Noticed Gastronok
 15187 | Lair:1   | Killed Gastronok
 15187 | Lair:1   | Reached skill level 14 in Unarmed Combat
 16818 | Lair:3   | Found a hole to the Spider Nest.
 17061 | Lair:3   | Noticed Snorg
 17071 | Lair:3   | Killed Snorg
 17224 | Lair:3   | Reached skill level 15 in Unarmed Combat
 17247 | Lair:3   | Received a gift from Okawaru
 18142 | Lair:4   | Found a staircase to the Swamp.
 18336 | Lair:4   | Gained mutation: You have very sharp fingernails. [demonic ancestry]
 18336 | Lair:4   | Reached XP level 14. HP: 100/103 MP: 20/20
 19006 | Lair:5   | Received a gift from Okawaru
 19872 | Lair:6   | Entered Level 6 of the Lair of Beasts
 20050 | Lair:6   | Found a labyrinth entrance.
 20057 | Lab      | Entered a labyrinth
 20477 | Lab      | Reached skill level 16 in Unarmed Combat
 20511 | Lab      | Got a heavily runed scale mail
 20556 | Lair:6   | Identified the +6 scale mail of Otteal {rElec rCorr Str+2} (You found it in a labyrinth)
 20671 | Lair:6   | Found a staircase to the Slime Pits.
 20685 | Lair:6   | Received a gift from Okawaru
 21490 | Lair:6   | Received a gift from Okawaru
 21645 | Lair:6   | Upgraded the game from 0.20-a0-1101-g1de9d76 to 0.20-a0-1114-g33edf32
 22086 | Lair:6   | Reached skill level 17 in Unarmed Combat
 22582 | Orc:1    | Entered Level 1 of the Orcish Mines
 22809 | Orc:2    | Entered Level 2 of the Orcish Mines
 22932 | Orc:2    | Received a gift from Okawaru
 22940 | Orc:2    | Gained mutation: You are surrounded by a strong repulsion field. (EV +4, RMsl) [demonic ancestry]
 22940 | Orc:2    | Reached XP level 15. HP: 87/108 MP: 19/21
 23014 | Orc:2    | Noticed Josephine
 23027 | Orc:2    | Killed Josephine
 23186 | Orc:1    | Noticed an orc warlord
 23316 | Orc:2    | Reached skill level 10 in Shields
 23884 | Orc:2    | Found a staircase to the Elven Halls.
 24680 | Orc:2    | Reached skill level 10 in Evocations
 24814 | Orc:2    | Found Yfaptumn's Magic Scroll Shop.
 24817 | Orc:2    | Found Fidil's Food Boutique.
 24818 | Orc:2    | Found Qintyxzaa's Book Shop.
 24819 | Orc:2    | Found Orunk's Magic Scroll Shop.
 24825 | Orc:2    | Bought a scroll of fog for 26 gold pieces
 25185 | D:6      | Killed Menkaure
 25196 | D:5      | Bought a phial of floods for 520 gold pieces
 25196 | D:5      | Bought a lamp of fire for 520 gold pieces
 25196 | D:5      | Bought a box of beasts for 260 gold pieces
 25196 | D:5      | Bought a phantom mirror for 390 gold pieces
 25221 | D:5      | Bought a potion of curing for 45 gold pieces
 25221 | D:5      | Bought a potion of curing for 45 gold pieces
 25448 | Swamp:1  | Entered Level 1 of the Swamp
 25921 | Swamp:1  | Received a gift from Okawaru
 25924 | Swamp:1  | Got a fine demon blade {god gift}
 25925 | Swamp:1  | Identified the +8 demon blade of the Twelve Blessings {elec, rN+ Int-4 SInv} (Okawaru gifted it to you on level 1 of the Swamp)
 26284 | Swamp:1  | You fall through a shaft!
 26488 | Swamp:2  | Noticed a thorn hunter
 27194 | Swamp:3  | HP: 5/108 [five-headed hydra (1)]
 27194 | Swamp:3  | HP: 2/108 [five-headed hydra (3)]
 27195 | Swamp:3  | Succumbed to a swamp dragon's poison gas

Vault maps used:
D:1:      minmay_arrival_loop, st_stairs_11
D:2:      nrook_mini_vaults, nrook_uturn
D:3:      grunt_qazlal_sundering, first_bread
D:5:      nicolae_overflow_crystal_walls, serial_shops, nicolae_shop_trees,
          shop_statue, shop, nicolae_shop_crystal, uniq_sigmund,
          uniq_blork_the_orc, uniq_grinder, uniq_ijyb
D:6:      overflow_temple_1_default, grunt_temple_overflow_open,
          temple_fountains, uniq_crazy_yiuf_cottage, uniq_menkaure
D:8:      okawaru_altar_gauntlet_db
D:9:      minmay_lair_entry_lava, basic_altar
D:10:     david_orc_2, enter_bailey_2, nicolae_trove_entry_columns,
          hangedman_pestilent_swarm
D:12:     basic_altar, mrwooster_statue_mirror
Temple:   compressed_dpeg_circular_temple
Lair:1:   infiniplex_staircase_pool, grunt_megastairs_2, uniq_grum,
          uniq_gastronok
Lair:3:   nicolae_spider_entry_non_spiders, grunt_forest_stairs_basic,
          uniq_snorg
Lair:4:   swamp_mist_pool
Lair:6:   hangedman_lair_in_review, slime_dummy, lab_entry_generic,
          hangedman_lair_generics_rect
Swamp:1:  evilmike_swamp_ruin_house_5
Swamp:2:  cheibrodos_swamp_tower_of_moss, evilmike_swamp_ruin_house_4
Swamp:3:  infiniplex_staircase_pool_2, st_swamp_mini, uniq_bai_suzhen
Orc:2:    st_orc_pillars, uniq_josephine
Lab:      labyrinth_mini_lab, nicolae_lab_plus, labyrinth_skeletal_remains,
          nicolae_lab_grate_2, nicolae_lab_big_swirl
Bailey:   bailey_polearm_2, bailey

Skill      XL: |  1  2  3  4  5  6  7  8  9 10 11 12 13 14 15 |
---------------+----------------------------------------------+-----
Long Blades    | 3 |  3.4
Armour         | 1 2 3 6 7 |  7.0
Dodging        | 3 6 7 |  7.0
Unarmed Combat | 2 3 5 7 9 11 12 13 15 17 | 17.0
Fighting       | 7 |  7.4
Invocations    | 4 |  4.0
Shields        | 1 4 7 9 11 | 11.7
Evocations     | 8 10 | 10.8
Stealth        | |  1.7

Action                   |  1- 3 |  4- 6 |  7- 9 | 10-12 | 13-15 || total
-------------------------+-------+-------+-------+-------+-------++-------
Melee: Falchion          |    65 |       |       |       |       ||    65
       Mace              |    59 |    74 |       |       |       ||   133
       Hand axe          |       |   100 |    61 |       |       ||   161
       Punch             |       |     4 |     5 |    53 |       ||    62
       Unarmed           |       |       |   118 |   863 |  1962 ||  2943
Invok: Heroism           |       |       |       |       |     4 ||     4
       Finesse           |       |       |       |       |     1 ||     1
Evoke: Wand              |       |       |     1 |    16 |    38 ||    55
       Sack of spiders   |       |       |       |       |     1 ||     1
  Use: Potion            |       |     1 |     7 |     9 |     5 ||    22
       Scroll            |       |       |       |    16 |    16 ||    32
 Stab: Sleeping          |     2 |       |       |     6 |     7 ||    15
       Distracted        |       |       |     4 |     8 |    23 ||    35
       Confused          |       |       |     2 |       |     8 ||    10
       Paralysed         |       |       |       |       |    12 ||    12
  Eat: Chunk             |     3 |     8 |     9 |    33 |    41 ||    94
       Fruit             |       |       |       |     1 |       ||     1
Armor: Scale mail        |    41 |    73 |    38 |    52 |   175 ||   379
       Robe              |     2 |       |       |       |       ||     2
       Skin              |       |       |     1 |       |       ||     1
       Troll leather arm |       |       |       |    60 |    64 ||   124
Dodge: Dodged            |    72 |    62 |    89 |   497 |   783 ||  1503
       Deflected         |       |       |       |       |     3 ||     3
Block: Other             |       |    34 |    29 |   162 |       ||   225
       Reflection        |       |       |     3 |    32 |    22 ||    57
       Buckler           |       |       |       |    78 |  1099 ||  1177
       Rpst.: Falchion   |    12 |       |       |       |       ||    12
